Unix NetHack Version 3.7.0-50 Work-in-progress - last build Mar 5 2022 04:09:40 (e2e91ad886b62894f58f2f83f810326e1bf29994,branch:master). Game began 2022-03-05 10:30:43, ended 2022-03-05 11:27:55. elenmirie, neutral female gnomish Wizard -------------- ###-............| ####### |<...........| ### # +............| #----- |............| ###%|...+ -------------- #-.%.| ##|.>.| # |...@## ----- # Elenmirie the Conjurer St:15 Dx:12 Co:11 In:19 Wi:9 Ch:14 Neutral Dlvl:6 $:111 HP:0(28) Pw:13(28) AC:4 Xp:4/97 T:1694 Latest messages: You hear an A note squeak in the distance. You are momentarily blinded by a flash of light! You hear a deafening roar! h - a murky potion. You feel an unseen monster! It bites! It bites! It misses! You descend the stairs. You can see again. You stop searching. $ - 6 gold pieces. You feel full of energy. You can hear again. You stop searching. You climb up the stairs. The black naga hatchling bites! The sewer rat bites! You hit the black naga hatchling! You miss the black naga hatchling. The black naga hatchling bites! You hit the black naga hatchling! You miss the black naga hatchling. The black naga hatchling bites! You kill the black naga hatchling! Welcome to experience level 4. You miss the rabid rat. The rabid rat bites! You hit the rabid rat! The rabid rat bites! You kill the rabid rat! In what direction? y The spell misses the sewer rat. The sewer rat misses! In what direction? y The spell misses the sewer rat. You miss the sewer rat. The sewer rat bites! In what direction? y The spell hits the sewer rat! You kill the sewer rat! There is a carrot here; eat it? [ynq] (n) n There is a black naga hatchling corpse here; eat it? [ynq] (n) y You have a very bad case of stomach acid. You die... Do you want your possessions identified? [ynq] (y) y Do you want to see your attributes? [ynq] (y) y Do you want an account of creatures vanquished? [ynaq] (y) y Do you want to see your conduct and achievements? [ynq] (y) y Do you want to see the dungeon overview? [ynq] (y) y Major events: Turn 1: elenmirie the neutral female gnomish Wizard entered the dungeon 1122: attained the rank of Conjurer (level 3) 1694: killed by an acidic corpse Inventory: Coins $ - 111 gold pieces Weapons B - an uncursed +0 elven dagger a - a blessed +1 quarterstaff (weapon in hands) Armor z - an uncursed +0 pair of speed boots (being worn) b - an uncursed +1 cloak of magic resistance (being worn) A - an uncursed +1 leather armor (being worn) Comestibles x - an uncursed cream pie s - 2 uncursed pears o - an uncursed tripe ration Scrolls C - 2 uncursed scrolls of confuse monster m - an uncursed scroll of fire q - a cursed scroll of genocide j - an uncursed scroll of light w - a blessed scroll of teleportation i - an uncursed scroll of teleportation p - an uncursed scroll of teleportation Spellbooks k - a blessed spellbook of force bolt l - an uncursed spellbook of light Potions u - an uncursed potion of gain ability g - a blessed potion of gain energy r - a blessed potion of hallucination D - an uncursed potion of hallucination v - 2 uncursed potions of levitation f - 2 uncursed potions of object detection h - 2 uncursed potions of sleeping t - a potion of unholy water Rings e - an uncursed ring of conflict n - an uncursed ring of conflict d - a blessed +1 ring of increase accuracy Wands c - an uncursed wand of striking (0:5) Elenmirie the Wizard's attributes: Background: You were a Conjurer, a level 4 female gnomish Wizard. You were neutral, nominally on a mission for Thoth who was opposed by Ptah (lawful) and Anhur (chaotic). You were in the Dungeons of Doom, on level 6. You entered the dungeon 1694 turns ago. There was a new moon in effect when your adventure ended. You had 97 experience points, 63 more were needed to attain level 5. Basics: You had 0 out of 28 hit points. You had 13 out of 28 energy points (spell power). Your armor class was 4. Your wallet contained 111 zorkmids. Autopickup was on for '$' plus thrown. Final Characteristics: Your strength was 15 (limit:18/50). Your dexterity was 12 (limit:18). Your constitution was 11 (limit:18). Your intelligence was 19 (limit:19). Your wisdom was 9 (limit:18). Your charisma was 14 (limit:18). Final Status: You were not hungry. You were unencumbered. You were wielding a quarterstaff. You had basic skill with quarterstaff. Final Attributes: You were devoutly aligned. You were magic-protected. You had infravision. You were warded. You were very fast. You are dead. Miscellaneous: You never encountered a bones level. Total elapsed playing time was 48 minutes and 14 seconds. Vanquished creatures: a pony a shrieker a black naga hatchling an elf zombie a rabid rat an iguana a hobbit 2 cave spiders 5 geckos 6 jackals a fox 2 goblins a sewer rat a grid bug 2 kobold zombies 3 newts 30 creatures vanquished. No species were genocided or became extinct. Voluntary challenges: You were an atheist. You read items or engraved 1 time. You never engraved Elbereth. You never genocided any monsters. You never polymorphed an object. You never changed form. You used no wishes. Achievements: You entered a shop. You attained the rank of Conjurer. The Dungeons of Doom: levels 1 to 7 Level 1: A fountain. Level 2: Level 3: An armor shop, a fountain. Level 4: Level 5: A fountain, a grave. Level 6: <- You were here. Final resting place for you, killed by an acidic corpse. Level 7: A fountain. Game over: ---------- / \ / REST \ / IN \ / PEACE \ / \ | elenmirie | | 111 Au | | killed by an | | acidic corpse | | | | | | 2022 | *| * * * | * _________)/\\_//(\/(/\)/\//\/|_)_______ Goodbye elenmirie the Wizard... You died in The Dungeons of Doom on dungeon level 6 with 788 points, and 111 pieces of gold, after 1694 moves. You were level 4 with a maximum of 28 hit points when you died.